Map: Dash and Terminal LE (Void)

Players

Eternity - Winner!

  • Race: Terran Terran
  • League: Gold

Tiramitsu

  • Race: Zerg Zerg
  • League: Platinum

VOD

Have the link to the VOD?

Description

Time

  • Played on: Oct. 22, 2015, 2:54 p.m.
  • Length: 21:17
Show
View Real Time Build Order
Export as new Build Order

Eternity Terran - Winner!

Build Orders: Hellion Opening, Mech 

Get SALT Encoding   

  12  0:01  SCV  
  13  0:13  SCV  
  14  0:18  Supply Depot  
  14  0:25  SCV  
  15  0:30  Refinery  
  15  0:40  SCV  
  16  0:46  Barracks  
  16  0:52  SCV  
  17  1:04  SCV  
  18  1:16  SCV  
  19  1:28  SCV  
  20  1:32  Reaper  
  21  1:41  Orbital Command  
  21  1:52  Command Center  
  21  2:03  Factory  
  21  2:09  Barracks Reactor  
  21  2:16  Supply Depot, SCV  
  22  2:42  SCV  
  23  2:48  Refinery  
  23  2:52  Factory  
  23  3:01  Hellion x2  
  23  3:02  Barracks Tech Lab  
  23  3:05  SCV  
  27  3:21  SCV  
  28  3:31  Hellion  
  28  3:33  Hellion  
  28  3:34  Orbital Command  
  32  3:36  SCV  
  33  3:42  Factory  
  33  3:48  SCV  
  34  3:53  Barracks Reactor  
  34  3:56  Hellion x2  
  34  4:00  SCV  
  39  4:03  Siege Tank  
  39  4:04  SCV  
  43  4:11  Refinery  
  43  4:12  SCV  
  44  4:22  Supply Depot  
  44  4:24  Supply Depot  
  44  4:40  Factory  
  44  4:43  Barracks Tech Lab  
  44  4:51  Hellion x4  
  55  4:52  Siege Tank  
  55  4:53  SCV  
  55  4:54  SCV  
  57  5:06  SCV  
  56  5:08  Infernal Pre-Igniter  
  56  5:15  Supply Depot  
  56  5:18  Hellion x2  
  56  5:19  Hellion  
  62  5:27  Supply Depot  
  62  5:37  SCV  
  59  5:44  Hellion x3  
  59  5:45  Hellion  
  59  5:46  Siege Tank  
  59  5:48  SCV  
  71  5:52  Supply Depot  
  71  5:59  SCV, Refinery  
  71  6:00  Supply Depot  
  71  6:01  SCV  
  73  6:23  Armory, Engineering Bay  
  73  6:24  Hellion x2  
  77  6:25  Armory  
  68  6:56  Hellion x3  
  68  6:57  Hellion  
  70  7:02  SCV x2  
  72  7:14  SCV x2  
  74  7:26  Command Center, SCV  
  74  7:27  Cyclone x2  
  81  7:30  SCV  
  82  7:38  Hellion x2  
  82  7:39  SCV  
  87  7:50  Supply Depot  
  87  7:52  Supply Depot  
  87  7:58  Starport  
  87  7:59  SCV  
  87  8:00  SCV  
  89  8:09  Barracks Reactor  
  89  8:12  SCV  
  90  8:14  SCV, Supply Depot  
  90  8:17  Supply Depot  
  90  8:18  Terran Vehicle Weapons Level 1  
  91  8:21  Terran Vehicle And Ship Armor Level 1  
  91  8:24  SCV  
  92  8:27  SCV  
  93  8:36  SCV  
  94  8:42  SCV, Factory  
  94  8:44  Orbital Command  
  94  8:48  SCV  
  96  8:54  SCV  
  97  9:03  SCV  
  97  9:06  SCV  
  97  9:07  Liberator x2  
  99  9:12  Mag-Field Accelerator  
  99  9:13  SCV  
  99  9:15  SCV, Refinery  
  101  9:17  Barracks Tech Lab  
  101  9:18  SCV, Refinery  
  108  9:32  Starport  
  108  9:33  SCV x2  
  108  9:34  SCV  
  108  9:37  Hellion x2  
  108  9:38  Hellion, Siege Tank  
  117  9:39  Hellion, Siege Tank  
  125  9:45  SCV  
  125  9:52  Missile Turret  
  126  9:53  Missile Turret  
  126  9:57  Missile Turret  
  126  9:58  Command Center, Missile Turret  
  126  10:03  Hellion x3  
  132  10:19  Cyclone x3  
  141  10:22  Missile Turret  
  141  10:24  Starport Tech Lab  
  141  10:32  Supply Depot  
  141  10:36  SCV x3, Supply Depot  
  141  10:37  Hellion x3  
  141  10:40  Supply Depot  
  150  10:44  Terran Vehicle Weapons Level 2  
  150  10:48  SCV x3  
  153  10:50  Terran Vehicle And Ship Armor Level 2  
  153  11:13  Cyclone x3  
  153  11:14  Hellion  
  153  11:15  Hellion  
  166  11:21  Liberator x3  
  175  11:45  Cyclone  
  178  11:51  Hellion x10  
  178  12:02  Hellion x5  
  178  12:03  Siege Tank  
  178  12:05  Supply Depot  
  178  12:07  Supply Depot  
  191  12:12  Supply Depot  
  183  12:17  Siege Tank  
  186  12:23  Siege Tank  
  186  12:28  Planetary Fortress  
  189  12:35  Cyclone  
  192  12:47  Hellion  
  192  12:48  Hellion x2  
  198  13:01  Unknown  
  198  13:13  Command Center  
  198  13:14  Hellion x11  
  198  13:19  Factory  
  198  13:21  Factory  
  198  13:24  SCV x2  
  198  13:27  Factory x2  
  200  13:28  Starport  
  124  14:05  Cyclone x3  
  124  14:06  Hellion x4  
  127  14:27  Hellion  
  127  14:30  Hellion x3  
  135  14:35  Factory Tech Lab  
  135  14:36  Factory Tech Lab x2, Factory Reactor  
  135  14:37  Cyclone  
  104  15:19  Cyclone x6  
  104  15:20  Hellion x2  
  104  15:21  Hellion x4, Liberator  
  134  15:22  Liberator x2  
  134  15:42  Hellion  
  145  15:51  Command Center, Cyclone x2, Hellion x5  
  145  15:52  Hellion  
  163  15:58  Planetary Fortress  
  163  16:00  SCV x3  
  166  16:12  SCV x2  
  166  16:15  Cyclone x2  
  168  16:25  Refinery  
  168  16:27  Refinery  
  148  16:45  Cyclone x4  
  160  17:00  Liberator  
  161  17:01  Cyclone x2  
  161  17:02  Hellion x3  
  161  17:03  Hellion x3  
  174  17:17  Cyclone, Hellion  
  151  17:57  Cyclone x3  
  155  18:08  Planetary Fortress  
  155  18:12  Refinery  
  155  18:19  Hellion  
  163  18:20  Hellion x3  
  163  18:21  Hellion  
  165  18:46  Refinery  
  165  18:53  Cyclone x4  
  165  18:55  Hellion x3  
  191  18:56  Hellion x5  
  191  18:58  Command Center  
  164  19:17  Cyclone  
  162  19:23  Cyclone  
  160  19:25  Cyclone  
  163  19:35  Cyclone  
  165  19:53  SCV x5  
  170  20:05  SCV x3  
  170  20:06  SCV x2  
  175  20:29  Command Center  
  175  20:32  Command Center  
  175  20:50  Command Center  
Show
View Real Time Build Order
Export as new Build Order

Tiramitsu Zerg 

Build Orders: Hatch First 

Get SALT Encoding   

  12  0:04  Drone  
  13  0:12  Overlord  
  13  0:20  Drone  
  14  0:31  Drone x2  
  16  0:37  Drone  
  17  0:49  Drone  
  18  0:56  Hatchery  
  17  0:59  Drone  
  18  1:14  Drone, Spawning Pool  
  18  1:25  Drone  
  19  1:36  Drone, Extractor  
  19  2:00  Queen  
  21  2:02  Zergling x2  
  21  2:06  Overlord x2  
  22  2:10  Queen  
  22  2:12  Drone  
  22  2:15  Drone  
  26  2:22  Drone  
  26  2:35  Drone  
  26  2:36  Drone x2  
  28  2:45  Drone, Queen  
  31  2:52  Drone x2  
  33  2:59  Drone  
  33  3:03  Drone  
  35  3:10  Metabolic Boost  
  35  3:19  Drone  
  37  3:20  Drone x3  
  37  3:24  Hatchery  
  38  3:31  Drone  
  38  3:32  Drone  
  38  3:34  Evolution Chamber  
  39  3:35  Evolution Chamber  
  38  3:47  Drone x3  
  41  3:59  Drone x2  
  41  4:01  Zerg Melee Weapons Level 1  
  43  4:03  Zergling x2  
  43  4:05  Overlord x4  
  44  4:14  Zerg Ground Armor Level 1  
  44  4:26  Zergling x20  
  54  4:38  Queen  
  54  4:57  Zergling x2  
  54  4:58  Zergling x12  
  53  5:03  Zergling x4  
  52  5:10  Baneling Nest  
  52  5:11  Zergling x8  
  52  5:12  Zergling x2  
  56  5:14  Queen  
  58  5:27  Drone x4, Overlord  
  56  5:37  Zergling x2  
  56  5:38  Zergling x10  
  54  5:45  Drone x5  
  59  5:51  Zergling x2  
  59  5:52  Zergling x4  
  59  5:54  Extractor  
  59  5:55  Lair  
  61  6:25  Zergling x20  
  65  6:26  Zergling x10  
  65  6:31  Extractor  
  65  6:32  Extractor  
  74  6:37  Hatchery  
  74  6:39  Hatchery  
  63  6:56  Drone  
  63  6:57  Drone x9  
  73  7:02  Zerg Melee Weapons Level 2  
  73  7:05  Zerg Ground Armor Level 2  
  63  7:11  Zergling x2  
  63  7:12  Zergling x12  
  70  7:17  Infestation Pit  
  69  7:24  Drone  
  69  7:25  Drone x2  
  69  7:27  Spine Crawler  
  69  7:28  Spine Crawler  
  70  7:30  Spine Crawler  
  70  7:31  Spine Crawler  
  70  7:34  Drone x4  
  72  7:45  Drone x2  
  72  7:48  Drone x5  
  79  7:55  Hatchery  
  78  8:06  Hive  
  78  8:08  Pathogen Glands  
  78  8:10  Zergling x2  
  78  8:11  Zergling x20  
  89  8:15  Drone x3  
  89  8:16  Drone  
  93  8:33  Extractor  
  93  8:34  Drone x4, Extractor  
  94  8:39  Infestor  
  94  8:40  Infestor  
  99  8:48  Drone x3  
  102  8:49  Overlord x2  
  102  8:50  Hatchery, Overlord x2  
  101  9:00  Overlord  
  100  9:10  Queen  
  102  9:21  Ultralisk Cavern  
  101  9:37  Overlord  
  101  9:38  Overlord x4  
  101  9:39  Zergling x6  
  101  9:40  Zergling x10  
  101  9:41  Adrenal Glands  
  101  9:43  Zerg Ground Armor Level 3, Zerg Melee Weapons Level 3  
  109  9:45  Drone x2  
  109  9:46  Drone x3  
  114  10:08  Extractor x2  
  114  10:09  Ultralisk  
  114  10:10  Ultralisk  
  114  10:12  Chitinous Plating  
  123  10:20  Drone  
  123  10:21  Drone x5  
  129  10:22  Extractor  
  129  10:25  Extractor  
  127  10:34  Hatchery  
  126  10:49  Ultralisk x3  
  144  11:09  Ultralisk x2  
  155  11:28  Burrow  
  155  11:40  Viper x4  
  155  11:44  Drone x4  
  155  11:45  Drone x3  
  164  12:30  Zergling x6  
  164  12:31  Ultralisk x3, Zergling x10  
  164  12:32  Zergling x2  
  191  12:43  Extractor x2  
  189  12:57  Hatchery  
  188  13:00  Queen  
  190  13:10  Zergling x2  
  191  13:12  Overlord  
  191  13:13  Overlord x3  
  152  13:49  Ultralisk  
  152  13:50  Ultralisk x6  
  152  13:51  Ultralisk  
  189  14:00  Queen  
  189  14:01  Queen x7  
  187  14:14  Zergling x18  
  187  14:15  Zergling x4  
  187  14:36  Queen x5  
  187  14:42  Zergling x2  
  187  14:43  Zergling x36  
  184  14:50  Zergling x2  
  184  14:51  Zergling x10  
  130  15:26  Infestor x4  
  130  15:27  Ultralisk x2  
  143  15:40  Drone x3  
  146  15:49  Infestor  
  146  15:50  Ultralisk  
  146  15:51  Ultralisk  
  160  16:11  Ultralisk x3  
  159  16:59  Infestor  
  159  17:00  Infestor x6  
  159  17:01  Infestor x3  
  163  17:23  Queen x8  
  177  17:38  Overlord x4  
  177  17:41  Drone x3  
  147  18:17  Ultralisk x4  
  147  18:18  Ultralisk x3  
  189  18:30  Ultralisk x3  
  197  18:34  Overseer  
  142  19:35  Queen  
  142  19:36  Queen x7  
  158  20:05  Drone x16  
  174  20:11  Queen x4  
  182  20:15  Spine Crawler x2  
  182  20:16  Spine Crawler  
  182  20:17  Spine Crawler x2  
Tags
 
Add a new tag
Caveats
  • Supply blocks, unpowered buildings, or Contaminate may cause inaccurate times.
  • Supply counts are checked every 10 seconds.